 Dungeon Crawl Stone Soup version 0.23-a0-448-g1c01f63 (webtiles) character file.

378 Cryolive the Digger (level 6, -5/36 HPs)
             Began as a Gargoyle Earth Elementalist on Nov 20, 2018.
             Slain by a centaur (7 damage)
             ... on level 5 of the Dungeon.
             The game lasted 00:06:38 (3895 turns).

Cryolive the Digger (Gargoyle Earth Elementalist)   Turns: 3895, Time: 00:06:39

Health: -5/36      AC:  6    Str: 12    XL:     6   Next: 74%
Magic:  6/10       EV: 12    Int: 17    God:
Gold:   264        SH:  0    Dex: 10    Spells: 2/11 levels left

rFire    . . .     SeeInvis .   h - +0 dagger (drain)
rCold    . . .     Gourm    .   (no shield)
rNeg     + . .     Faith    .   c - +0 robe
rPois    ∞         Spirit   .   (no helmet)
rElec    +         Reflect  .   (no cloak)
rCorr    .         Harm     .   (no gloves)
MR       .....                  (no boots)
Stlth    +++.......             g - amulet of magic regeneration
HPRegen  0.12/turn              s - ring of stealth
MPRegen  0.37/turn              (no ring)

@: no status effects
A: negative energy resistance 1, electricity resistance, unbreathing,
petrification resistance, rot immunity, AC +4
a: no special abilities


You were on level 5 of the Dungeon.
You were hungry.

You visited 1 branch of the dungeon, and saw 5 of its levels.

You collected 264 gold pieces.

Inventory:

Hand Weapons
 h - a +0 dagger of draining (weapon)
 r - a +0 quarterstaff of protection
Missiles
 b - 152 stones (quivered)
Armour
 c - a +0 robe (worn)
Jewellery
 g - an amulet of magic regeneration (around neck)
 s - a ring of stealth (left hand)
 u - an uncursed ring of magical power {unknown}
Scrolls
 a - 7 scrolls of remove curse {unknown}
 e - 3 scrolls of teleportation {unknown}
 f - 3 scrolls of magic mapping {unknown}
 i - 2 scrolls of fear {unknown}
 j - a scroll of immolation {unknown}
 o - a scroll of enchant weapon {unknown}
 p - 3 scrolls of blinking {unknown}
 q - 3 scrolls of fog {unknown}
Potions
 k - a potion of haste
 l - 3 potions of mutation
 m - 2 potions of cancellation
 n - 3 potions of curing
 t - a potion of agility {unknown}
Comestibles
 d - 17 rations


   Skills:
 + Level 2.8 Fighting
 + Level 1.4 Staves
 + Level 2.5 Armour
 + Level 2.6 Dodging
 - Level 2.1 Stealth
 + Level 3.0 Spellcasting
 + Level 2.3 Conjurations
   Level 0.7 Transmutations
 + Level 4.7 Earth Magic


You had 2 spell levels left.
You knew the following spells:

 Your Spells              Type           Power        Failure   Level  Hunger
a - Sandblast             Erth           ###...       2%          1    None
b - Stone Arrow           Conj/Erth      ##....       12%         3    ###....
c - Lee's Rapid Deconstr  Erth           ###.......   56%         5    ######.

Your spell library contained the following spells:

 Spells                   Type           Power        Failure   Level  Hunger
 Passwall                 Tmut/Erth      ##......     9%          2    ##.....
 Summon Small Mammal      Summ           #...         17%         1    None
 Call Imp                 Summ           #.......     26%         2    ##.....
 Call Canine Familiar     Summ           #.......     45%         3    ###....
 Summon Guardian Golem    Hex/Summ       #.......     45%         3    ###....
 Petrify                  Tmut/Erth      ##......     50%         4    ####...
 Summon Ice Beast         Ice/Summ       #.......     86%         4    ####...
 Summon Lightning Spire   Summ/Air       #.......     86%         4    ####...


Dungeon Overview and Level Annotations

Branches:
Dungeon (5/15)
 Temple: D:4-7

Altars:
Dithmenos
Fedhas
Hepliaklqana
Ru
Trog

Annotations:
D:4 1 runed door


Innate Abilities, Weirdness & Mutations

You are resistant to torment.
Your stone body is resilient. (AC +4)
You are immune to poison.
You resist negative energy. (rN+)
You are resistant to electric shocks. (rElec)
You can survive without breathing.
You are immune to petrification.
You are immune to rotting.


Message History

* * * LOW HITPOINT WARNING * * *
The centaur misses you.
Casting: Sandblast (safe; 2% risk of failure)
Confirm with . or Enter, or press ? or * to list all spells.
Aiming: Sandblast (safe; 2% risk of failure)
Press: ? - help, Shift-Dir - straight line, f/p - centaur
Aim: a centaur (almost dead)
The blast of sand misses the centaur.
b - 153 stones The shadow imp barely misses you.
The centaur barely misses you.
Casting: Sandblast (safe; 2% risk of failure)
Confirm with . or Enter, or press ? or * to list all spells.
Aiming: Sandblast (safe; 2% risk of failure)
Press: ? - help, Shift-Dir - straight line, f/p - centaur
Aim: a centaur (almost dead)
The blast of sand hits the centaur.
The centaur is almost dead.
b - 152 stones The centaur hits you!
You die...

..... #. #.#.. . .
#.#.# ?# .#
#.#.###.### .#
#.#.#.....#..#
##.#.#.# #.#..#
#......# #...
.######..<...###c#
..>.....####..(5@#
.#####..# #.#.###
.# #..# #.#...
.#####..####5#####
..#.......##.#
....#####.##.#
....# #.##.. ....#
#.###### ....# #.#
#..


You could see a centaur and a shadow imp.

Vanquished Creatures
  A centaur (D:5)
  A bullfrog zombie (D:5)
  A centaur skeleton (D:4)
  3 hounds (D:4)
  An iguana (D:4)
  3 adders
  An ooze (D:3)
  An adder skeleton (D:4)
  2 worms
  A dart slug (D:1)
  2 leopard geckos
  5 orcs (D:4)
  8 bats
  3 giant cockroaches
  8 goblins
  9 hobgoblins
  4 jackals (D:1)
  5 kobolds
  8 frilled lizards
  7 rats
74 creatures vanquished.

Vanquished Creatures (others)
  4 toadstools (D:1)
4 creatures vanquished.

Grand Total: 78 creatures vanquished

Notes
Turn   | Place    | Note
-------+----------+-------------------------------------------
     0 | D:1      | Cryolive the Gargoyle Earth Elementalist began the quest
                  | for the Orb.
     0 | D:1      | Reached XP level 1. HP: 10/10 MP: 3/3
   383 | D:1      | Reached XP level 2. HP: 16/16 MP: 5/5
   569 | D:1      | Reached skill level 1 in Fighting
   645 | D:1      | Reached skill level 1 in Armour
   694 | D:1      | Reached XP level 3. HP: 8/20 MP: 6/6
   699 | D:1      | Learned a level 3 spell: Stone Arrow
  1110 | D:2      | Reached skill level 4 in Earth Magic
  1129 | D:2      | Found a bloodstained altar of Trog.
  1161 | D:2      | Found a hazy altar of Hepliaklqana.
  1189 | D:2      | Reached XP level 4. HP: 22/25 MP: 7/7
  1639 | D:3      | Reached skill level 1 in Conjurations
  2010 | D:3      | Found a blossoming altar of Fedhas.
  2263 | D:4      | Found a runed door.
  2304 | D:4      | Reached XP level 5. HP: 26/30 MP: 8/8
  2614 | D:4      | Found a shadowy altar of Dithmenos.
  2692 | D:4      | Reached skill level 1 in Staves
  2692 | D:4      | Reached XP level 6. HP: 4/36 MP: 10/10
  2699 | D:4      | Learned a level 5 spell: Lee's Rapid Deconstruction
  3547 | D:5      | Entered Level 5 of the Dungeon
  3577 | D:5      | Found a sacrificial altar of Ru.
  3895 | D:5      | Slain by a centaur

Vault maps used:
D:1:      ldierk_water_garden, minmay_tetromino_i2
D:2:      old_standard_altar, lemuel_doored_altar, first_ration,
          minmay_quantized
D:3:      lemuel_crystal_altar
D:4:      nicolae_dithmenos_the_darkroom, uniq_crazy_yiuf_cottage
D:5:      nicolae_ru_sacrificial_ziggurat, lemuel_coloured_pillars_altar,
          dk_noncrumbling_3

Skill      XL: |  1  2  3  4  5  6 |
---------------+-------------------+-----
Fighting       | 1 2 |  2.8
Armour         | 1 2 |  2.5
Dodging        | 2 |  2.6
Earth Magic    | 4 |  4.7
Conjurations   | 1 2 |  2.3
Staves         | 1 |  1.4
Spellcasting   | 3 |  3.0
Stealth        | |  2.1
Transmutations | |  0.7

Action                   |  1- 3 |  4- 6 || total
-------------------------+-------+-------++-------
Melee: Club              |     9 |       ||     9
       Dagger            |   113 |   223 ||   336
       Unarmed           |     3 |       ||     3
 Cast: Sandblast         |     4 |     9 ||    13
       Stone Arrow       |       |     1 ||     1
  Use: Scroll            |       |     7 ||     7
 Stab: Sleeping          |     1 |     8 ||     9
  Eat: Chunk             |       |     6 ||     6
       Ration            |       |     1 ||     1
Armor: Robe              |    37 |    83 ||   120
Dodge: Dodged            |    72 |   171 ||   243

Table legend:
 A = Non-vault XP
 B = Vault XP
 C = Vault XP percentage of total XP
 D = Non-vault monster count
 E = Vault monster count
 F = Vault count percentage of total count
                 A         B        C        D         E       F
            +---------+---------+-------+---------+---------+-------
      Total |     534 |       6 |   1.1 |      70 |       4 |   5.4
            +---------+---------+-------+---------+---------+-------
        D:1 |      45 |       1 |   2.2 |      26 |       1 |   3.7
        D:2 |      56 |       5 |   8.2 |      20 |       3 |  13.0
        D:3 |      33 |       0 |   0.0 |       7 |       0 |   0.0
        D:4 |     233 |       0 |   0.0 |      14 |       0 |   0.0
        D:5 |     167 |       0 |   0.0 |       3 |       0 |   0.0
            +---------+---------+-------+---------+---------+-------
